 Dungeon Crawl Stone Soup version 0.25-a0-420-g1cc7eeb0d1 (webtiles) character file.

Game seed: 7320743977746942676, levelgen mode: deterministic

8150 Kohma the Carver (level 11, -6/102 HPs)
             Began as a Minotaur Abyssal Knight on Jan 19, 2020.
             Was an Elder of Lugonu.
             Killed by divine providence
             ... invoked by an orc priest
              (12 damage)
             ... on level 12 of the Dungeon.
             The game lasted 00:29:49 (12093 turns).

Kohma the Carver (Minotaur Abyssal Knight)         Turns: 12093, Time: 00:29:49

Health: -6/102     AC: 15    Str: 20    XL:     11   Next: 6%
Magic:  16/16      EV:  6    Int:  9    God:    Lugonu [****..]
Gold:   453        SH:  4    Dex: 10    Spells: 10/10 levels left

rFire    . . .     SeeInvis .   b - +2 scimitar (elec)
rCold    . . .     Gourm    .   r - +0 buckler
rNeg     . . .     Faith    .   z - +0 plate armour
rPois    .         Spirit   .   (helmet restricted)
rElec    .         Reflect  .   (no cloak)
rCorr    .         Harm     .   w - +1 pair of gloves
MR       +....                  (no boots)
Stlth    ..........             (no amulet)
HPRegen  0.27/turn              v - ring of stealth
MPRegen  0.15/turn              x - ring of protection from magic

@: no status effects
A: retaliatory headbutt, horns 2
a: Depart the Abyss, Bend Space, Banish, Corrupt, Renounce Religion


You were on level 12 of the Dungeon.
You worshipped Lugonu.
Lugonu was greatly pleased with you.
You were not hungry.

You visited 2 branches of the dungeon, and saw 13 of its levels.
You visited the Abyss 1 time.

You collected 628 gold pieces.
You spent 175 gold pieces at shops.

Inventory:

Hand Weapons
 a - a +6 rapier of draining
 b - a +2 scimitar of electrocution (weapon)
 h - a +2 dagger of flaming
Missiles
 p - 2 curare-tipped darts (quivered)
 u - 25 poisoned darts
Armour
 j - a +2 leather armour of fire resistance
 r - a +0 buckler (worn)
 w - a +1 pair of gloves (worn)
 z - a +0 plate armour (worn)
Jewellery
 i - a cursed amulet of inaccuracy {unknown}
 s - an uncursed ring of ice
 v - a ring of stealth (left hand)
 x - a ring of protection from magic (right hand)
 D - an uncursed ring of wizardry
Wands
 o - a wand of flame (10)
 y - a wand of digging (9)
Scrolls
 g - 8 scrolls of teleportation
 l - 4 scrolls of remove curse
 m - 2 scrolls of magic mapping
 A - 2 scrolls of immolation
 C - a scroll of amnesia
Potions
 e - a potion of mutation
 f - a potion of flight
 k - 3 potions of agility
 n - 3 potions of lignification
 q - 3 potions of curing
 t - a potion of ambrosia
 B - a potion of might
Comestibles
 c - 19 rations


   Skills:
 + Level 11.1 Fighting
 + Level 12.0 Long Blades
 - Level 6.1 Armour
 - Level 1.1 Dodging
 - Level 4.1 Shields
 + Level 9.1 Invocations


You had 10 spell levels left.
You didn't know any spells.
Your spell library contained the following spells:

 Spells                   Type           Power        Failure   Level  Hunger
 Corona                   Hex            #......      100%        1    ##.....
 Magic Dart               Conj           #...         100%        1    ##.....
 Blink                    Tloc           N/A          100%        2    ###....
 Call Imp                 Summ           #.......     100%        2    ###....
 Ensorcelled Hibernation  Hex/Ice        #.....       100%        2    ###....
 Slow                     Hex            #.......     100%        2    ###....
 Confusing Touch          Hex            #.......     100%        3    ####...
 Conjure Flame            Conj/Fire      #.......     100%        3    ####...
 Dazzling Flash           Conj/Hex       #.....       100%        3    ####...
 Inner Flame              Hex/Fire       #.......     100%        3    ####...
 Mephitic Cloud           Conj/Pois/Air  #.......     100%        3    ####...
 Portal Projectile        Hex/Tloc       #.....       100%        3    ####...
 Tukima's Dance           Hex            #.......     100%        3    ####...
 Cause Fear               Hex            #.........   100%        4    #####..
 Leda's Liquefaction      Hex/Erth       #.........   100%        4    #####..


Dungeon Overview and Level Annotations

Branches:
Dungeon (12/15)            Temple (1/1) D:5             Orc (0/2) D:11
   Lair: D:8-11

Altars:
Ashenzari
Cheibriados
Dithmenos
Elyvilon
Fedhas
Gozag
Hepliaklqana
Kikubaaqudgha
Makhleb
Nemelex Xobeh
Okawaru
Qazlal
Ru
Sif Muna
Trog
Uskayaw
Vehumet
Wu Jian
Xom
Yredelemnul
Zin
The Shining One

Shops:
D:5 (   D:7 }   D:10 %

Annotations:
Abyss:1 Snorg


Innate Abilities, Weirdness & Mutations

You reflexively headbutt those who attack you in melee.
You have a pair of horns on your head.


Message History

You kill the kobold!
Lugonu accepts your kill. The brown ugly thing pecks you!
You are splashed with acid!
The orc priest casts a cantrip, but nothing happens.
The orc priest hits you but does no damage.
Things that are here:
a +0 dagger; a kobold corpse You closely miss the orc priest.
The brown ugly thing pecks you!
* * * LOW HITPOINT WARNING * * *
You are splashed with acid!
* * * LOW HITPOINT WARNING * * *
The orc priest hits you but does no damage.
You see here a grey potion.
You are no longer corroded.
The orc priest mumbles some strange prayers to Beogh against you.
Beogh smites you!
* * * LOW HITPOINT WARNING * * *
The orc priest invokes the aid of Beogh against you.
Beogh smites you!
You die...

########.........
.D...SD......####
.#######Y..So# .# #...Do#
.# #####o# .# #Y# Y# #†#
.# #)########.# D#
#.!.u@.....# .#
####.o######### .# #..oK.#
.# #.###.# ##### .# #.#
#.# #####...######## .#
#.# #.# #.....o...!....o
.# ##.###.#
##§###...########
.#######...##.###...######
#####
.....Y.DK..##.....#......
.....


You could see a brown ugly thing, an orc priest and an orc wizard.

Vanquished Creatures
  An ugly thing (D:11)
  A troll (D:10)
  A slime creature (D:11)
  A wyvern (D:11)
  2 wraiths
  Eustachio (D:6)
  Menkaure (D:7)
  4 soldier ants
  A warg (D:11)
  Duvessa (D:6)
  A black bear (D:9)
  3 ice beasts
  An orc warrior (D:10)
  4 ogres
  7 centaurs
  A crocodile (D:11)
  Blork the orc (D:5)
  5 bullfrogs
  A big kobold (D:10)
  4 scorpions
  Dowan (D:6)
  3 killer bees
  4 electric eels (D:10)
  3 howler monkeys
  2 centaur zombies
  3 crimson imps
  2 quasits
  4 hounds
  13 jellies
  4 orc priests
  2 bullfrog skeletons
  7 orc wizards
  A centaur skeleton (D:4)
  4 iguanas
  14 worker ants
  A hound zombie (D:6)
  A worker ant zombie (D:6)
  10 gnolls
  8 adders
  13 oozes (D:11)
  4 adder skeletons
  4 worms
  6 leopard geckos
  24 orcs
  3 ball pythons
  6 giant cockroaches
  3 goblins
  5 hobgoblins
  2 jackals (D:10)
  15 kobolds
  4 quokkas
  6 bats
  A frilled lizard (D:2)
  A leopard gecko zombie (D:7)
  A quokka skeleton (D:6)
  2 quokka zombies (D:6)
  10 rats
239 creatures vanquished.

Vanquished Creatures (others)
  A manticore (D:11)
  A troll (D:11)
  A hornet (D:10)
  A sky beast (D:12)
  5 fungi (D:11)
  A plant (D:11)
10 creatures vanquished.

Grand Total: 249 creatures vanquished

Notes
Turn   | Place    | Note
-------+----------+-------------------------------------------
     0 | Abyss:1  | Kohma the Minotaur Abyssal Knight began the quest for the
                  | Orb.
     0 | Abyss:1  | Reached XP level 1. HP: 19/19 MP: 1/1
    33 | Abyss:1  | Noticed an ancient zyme
    34 | Abyss:1  | Noticed a glowing orange brain
    36 | D:1      | Escaped the Abyss
   132 | D:1      | Reached XP level 2. HP: 21/26 MP: 2/2
   208 | D:1      | Reached skill level 3 in Long Blades
   215 | D:1      | Reached * piety under Lugonu
   605 | D:2      | Reached XP level 3. HP: 26/31 MP: 3/3
  1334 | D:2      | Reached skill level 4 in Long Blades
  1338 | D:2      | Reached XP level 4. HP: 27/39 MP: 4/4
  1473 | D:2      | Reached ** piety under Lugonu
  1924 | D:3      | You fall into a shaft and drop 1 floor!
  1936 | D:4      | Reached skill level 1 in Shields
  2101 | D:3      | Reached XP level 5. HP: 32/45 MP: 5/5
  2556 | D:4      | Found a bloodstained altar of Trog.
  2563 | D:4      | Found a transporter.
  2571 | D:4      | Found a transporter.
  2780 | D:4      | Reached skill level 5 in Long Blades
  2780 | D:4      | Reached skill level 5 in Armour
  2831 | D:4      | Reached XP level 6. HP: 51/51 MP: 6/6
  3136 | D:5      | Entered Level 5 of the Dungeon
  3264 | D:5      | Found Ogotow's Antique Weapon Emporium.
  3272 | D:5      | Bought a runed scimitar for 175 gold pieces
  3312 | D:5      | Found a staircase to the Ecumenical Temple.
  3326 | Temple   | Entered the Ecumenical Temple
  3841 | D:5      | Noticed Blork the orc
  3846 | D:5      | Killed Blork the orc
  3862 | D:5      | Reached skill level 6 in Long Blades
  3862 | D:5      | Reached XP level 7. HP: 55/57 MP: 7/7
  4070 | D:6      | Reached *** piety under Lugonu
  4277 | D:6      | Noticed Dowan
  4320 | D:5      | Reached skill level 7 in Long Blades
  4419 | D:6      | Reached skill level 5 in Fighting
  4442 | D:6      | Killed Dowan
  4442 | D:6      | Reached XP level 8. HP: 51/68 MP: 9/9
  4453 | D:6      | Noticed Eustachio
  4680 | D:6      | Killed Eustachio
  4778 | D:6      | Noticed Duvessa
  4803 | D:6      | Killed Duvessa
  5221 | D:7      | Found a shimmering blue altar of Sif Muna.
  5304 | D:7      | Found Tatreaz's Gadget Emporium.
  5427 | D:7      | Noticed Menkaure
  5451 | D:7      | Reached skill level 8 in Long Blades
  5537 | D:7      | Killed Menkaure
  6428 | D:8      | Reached skill level 5 in Invocations
  6621 | D:8      | Found a runed translucent door.
  6622 | D:8      | Found a runed translucent door.
  6628 | D:8      | Reached XP level 9. HP: 79/79 MP: 10/12
  6651 | D:8      | Reached skill level 9 in Long Blades
  6674 | D:8      | Reached **** piety under Lugonu
  8061 | D:10     | Entered Level 10 of the Dungeon
  8130 | D:10     | Noticed a troll
  8132 | D:10     | Found Bifol's Food Shop.
  8135 | D:10     | Killed a troll
  8178 | D:10     | Reached skill level 10 in Long Blades
  8179 | D:10     | Found a stormy altar of Qazlal.
  8194 | D:10     | Noticed Snorg
  8202 | D:10     | HP: 2/82 [Snorg (3)]
  8204 | D:10     | Banished Snorg
  8204 | D:10     | Reached XP level 10. HP: 3/91 MP: 14/14
  9314 | D:10     | Paralysed by a hornet for 2 turns
  9795 | D:11     | Reached skill level 11 in Long Blades
  9807 | D:11     | Reached skill level 10 in Fighting
 10172 | D:11     | Reached ***** piety under Lugonu
 10290 | D:11     | Found a staircase to the Orcish Mines.
 10299 | D:11     | Noticed an eight-headed hydra
 10574 | D:11     | Identified the +10 arbalest of the Forgotten Tales {penet,
                  | rF+ Int+3 SInv}
 10776 | D:11     | Noticed a cyan ugly thing
 10898 | D:11     | Killed a cyan ugly thing
 11202 | D:11     | Noticed a manticore
 11417 | D:11     | Banished a manticore
 11417 | D:11     | Reached XP level 11. HP: 14/102 MP: 7/16
 11787 | D:11     | Reached skill level 12 in Long Blades
 11994 | D:12     | Noticed a five-headed hydra
 12045 | D:12     | Noticed a brown ugly thing
 12093 | D:12     | Killed from afar by an orc priest

Levels and vault maps discovered:
D:1:      lightli_molten_gateway, layout_rooms
D:2:      layout_rooms
D:3:      layout_basic, first_ration
D:4:      layout_loops_ring, gammafunk_temple_overflow_arena
D:5:      layout_gridville, minmay_temple_entry_slanted, serial_shops, shop,
          uniq_blork_the_orc
D:6:      layout_cave_pools, uniq_eustachio, uniq_duvessa
D:7:      layout_basic, serial_shops, nicolae_shop_statue_plus, basic_altar,
          minmay_stone_trees_large, uniq_menkaure
D:8:      lemuel_insect_pit, layout_basic
D:9:      layout_loops_ring
D:10:     layout_basic, serial_shops, nicolae_shop_trees,
          hangedman_pestilent_swarm, nicolae_qazlal_style_of_elements,
          uniq_snorg
D:11:     lemuel_slime, layout_cross, david_lair_generic, david_orc_3
D:12:     layout_loops_ring, minmay_fountain_box, lemuel_oklob_altar
Temple:   compressed_dpeg_triangle_lava_temple

Skill      XL: |  1  2  3  4  5  6  7  8  9 10 11 |
---------------+----------------------------------+-----
Long Blades    | 3 4 5 6 7 8 10 11 12 | 12.0
Armour         | 3 4 5 6 |  6.1
Shields        | 1 3 4 |  4.1
Invocations    | 3 5 7 9 |  9.1
Fighting       | 5 7 9 11 | 11.1
Dodging        | |  1.1

Action                   |  1- 3 |  4- 6 |  7- 9 | 10-12 || total
-------------------------+-------+-------+-------+-------++-------
Melee: Falchion          |    58 |   128 |       |       ||   186
       Headbutt          |     9 |    27 |    36 |    39 ||   111
       Scimitar          |       |    15 |   247 |   241 ||   503
Throw: Dart              |       |       |    11 |       ||    11
Invok: Depart the Abyss  |     1 |       |       |       ||     1
       Banish            |       |       |       |     7 ||     7
       Bend Space        |       |       |       |     3 ||     3
Evoke: Wand              |       |       |       |    10 ||    10
  Use: Scroll            |       |       |    19 |     1 ||    20
       Potion            |       |       |     2 |     1 ||     3
  Eat: Ration            |     1 |       |     1 |     3 ||     5
       Chunk             |       |     6 |    10 |     5 ||    21
Armor: Leather armour    |    14 |    19 |       |       ||    33
       Plate armour      |       |    34 |   147 |   196 ||   377
Dodge: Dodged            |    42 |    70 |    56 |    93 ||   261
Block: Buckler           |       |    24 |    62 |    54 ||   140
       Rpst.: Falchion   |    12 |    11 |       |       ||    23
       Scimitar          |       |     1 |    10 |    16 ||    27

Table legend:
 A = Non-vault XP
 B = Vault XP
 C = Vault XP percentage of total XP
 D = Non-vault monster count
 E = Vault monster count
 F = Vault count percentage of total count
                 A         B        C        D         E       F
            +---------+---------+-------+---------+---------+-------
      Total |    7741 |    3902 |  33.5 |     189 |      55 |  22.5
            +---------+---------+-------+---------+---------+-------
        D:1 |      27 |       0 |   0.0 |      18 |       0 |   0.0
        D:2 |     106 |       0 |   0.0 |      23 |       0 |   0.0
        D:3 |      65 |       0 |   0.0 |       9 |       0 |   0.0
        D:4 |     261 |      40 |  13.3 |      18 |       2 |  10.0
        D:5 |     269 |     102 |  27.5 |      11 |       1 |   8.3
        D:6 |     577 |     402 |  41.1 |      20 |       3 |  13.0
        D:7 |     388 |     175 |  31.1 |      10 |       1 |   9.1
        D:8 |     521 |     723 |  58.1 |       8 |      12 |  60.0
        D:9 |     391 |       0 |   0.0 |      11 |       0 |   0.0
       D:10 |    1675 |    1434 |  46.1 |      27 |       6 |  18.2
       D:11 |    3375 |    1026 |  23.3 |      31 |      30 |  49.2
       D:12 |      86 |       0 |   0.0 |       3 |       0 |   0.0
            +---------+---------+-------+---------+---------+-------
